 Seeded DCSS version 0.29-a0-360-g8ed1089bbe (webtiles) character file.

Game seed: 3835982142597306518 (custom seed)

21 donath the Grasshopper (level 2, -1/26 HPs)
             Began as a Naga Warper on Apr 29, 2022.
             Slain by a jackal (3 damage)
             ... on level 1 of the Dungeon.
             The game lasted 00:02:57 (920 turns).

donath the Grasshopper (Naga Warper)                 Turns: 920, Time: 00:02:58

Health: -1/26      AC:  4    Str: 13    XL:     2   Next: 83%
Magic:  5/5        EV:  8    Int: 13    God:
Gold:   45         SH:  0    Dex: 10    Spells: 3/5 levels left

rFire   . . .      SeeInvis +   a - +0 mace
rCold   . . .      Faith    .   (no shield)
rNeg    . . .      Spirit   .   g - +0 ring mail
rPois   +          Reflect  .   (no helmet)
rElec   .          Harm     .   i - +0 cloak
rCorr   .          Rampage  .   (no gloves)
Will    .....                   (no barding)
Stlth   ..........              (no amulet)
HPRegen 0.08/turn               (no ring)
MPRegen 0.09/turn               (no ring)

@: mighty, very slow
A: AC +0, large, see invisible, deformed body, poison resistance, slowness 2,
spit poison 1, naga tail 1
a: Spit Poison


You were on level 1 of the Dungeon.
You visited 1 branch of the dungeon, and saw 1 of its levels.

You collected 45 gold pieces.

Inventory:

Hand Weapons
 a - a +0 mace (weapon)
Missiles
 d - 7 boomerangs of dispersal (quivered)
 j - 4 curare-tipped darts
 k - 32 stones
Armour
 b - a +0 leather armour
 g - a +0 ring mail (worn)
 i - a +0 cloak (worn)
Jewellery
 m - an amulet of faith
Scrolls
 c - a scroll of blinking
 f - a scroll of enchant armour {unknown}
 h - a scroll of fear {unknown}
 l - a scroll of magic mapping {unknown}
Potions
 n - a potion of degeneration {unknown}


   Skills:
 - Level 2.1 Fighting
 + Level 2.4 Maces & Flails
 - Level 0.8 Throwing
 - Level 0.8 Armour
 + Level 1.8 Dodging
 * Level 0.1 Stealth
 - Level 2.2 Spellcasting
 - Level 3.2 Translocations


You had 3 spell levels left.
You knew the following spells:

 Your Spells              Type           Power      Damage    Failure   Level
a - Blink                 Tloc           18%        N/A       22%         2

Your spell library contained the following spells:

 Spells                   Type           Power      Damage    Failure   Level
 Gell's Gravitas          Tloc           9%         N/A       38%         3
 Lesser Beckoning         Tloc           9%         N/A       38%         3
 Teleport Other           Tloc           9%         N/A       38%         3
 Manifold Assault         Tloc           9%         N/A       98%         5


Dungeon Overview and Level Annotations

Branches:
Dungeon (1/15)

Altars:


Innate Abilities, Weirdness & Mutations

Your serpentine skin is tough. (AC +0)
You have supernaturally acute eyesight. (SInv)
Armour fits poorly on your strangely shaped body.
Your system is resistant to poisons. (rPois)
You cover ground very slowly.
You can spit poison.
You have a snake-like lower body.


Message History

The jackal bites you but does no damage.
You barely miss the jackal. The jackal bites you. x2
The jackal bites you but does no damage.
The jackal closely misses you.
You barely miss the jackal. The jackal bites you. x4
The jackal barks!
You hit the jackal but do no damage.
The jackal bites you but does no damage. x2
The jackal barely misses you. x2
You sock the jackal!
You kill the jackal!
The jackal bites you but does no damage.
The jackal closely misses you. The jackal barely misses you.
You barely miss the jackal. The jackal barely misses you. The jackal bites you.
The jackal bites you but does no damage.
You closely miss the jackal. The jackal bites you.
The jackal barely misses you. The jackal bites you.
The jackal closely misses you.
You barely miss the jackal. The jackal barely misses you.
The jackal bites you but does no damage.
The jackal bites you. The jackal completely misses you.
You hit the jackal.
The jackal is almost dead.
The jackal bites you. x2
* * * LOW HITPOINT WARNING * * *
The jackal barely misses you.
The jackal bites you but does no damage.
You barely miss the jackal.
The jackal is almost dead.
The jackal bites you.
* * * LOW HITPOINT WARNING * * *
The jackal barely misses you.
It was a potion of might.
You feel very mighty all of a sudden. The jackal barely misses you.
The jackal bites you but does no damage.
The jackal barely misses you. The jackal bites you.
* * * LOW HITPOINT WARNING * * *
You barely miss the jackal. The jackal bites you.
You die...

########## ......h #........#
....... # #........# ....h.h #
#........#### ....h #
###...###...###l... ######
#..^..........#..#
.....###.............#..#
####.#....###..h###..h#.#
#......#>...†@.#.....#
######....#.....h.#.....######
.).....#.............#.##....#
.#######......#......#.......#
....####.............#.##....#
###.......#.......#....##....#
####....#......<#....##....# #
#####...###...###....##....# #
#....#.............#.##....#


You could see 2 jackals.

Vanquished Creatures
  A ball python (D:1)
  3 endoplasms (D:1)
  A goblin (D:1)
  3 jackals (D:1)
  3 kobolds (D:1)
  A quokka (D:1)
  4 bats (D:1)
  2 rats (D:1)
18 creatures vanquished.

Notes
Turn   | Place    | Note
-------+----------+-------------------------------------------
     0 | D:1      | donath the Naga Warper began the quest for the Orb.
     0 | D:1      | Reached XP level 1. HP: 19/19 MP: 3/3
   262 | D:1      | Reached XP level 2. HP: 26/26 MP: 5/5
   273 | D:1      | Learned a level 2 spell: Blink
   920 | D:1      | Slain by a jackal

Illustrated notes

Levels and vault maps discovered:
D:1:      minmay_arrival_open_corners, layout_rooms, serial_curves,
          eino_curves_02, eino_curves_02, shapermc_ecumenical_altar_petra

Action                   || total
-------------------------++-------
Melee: Mace              ||    63
  Use: Potion            ||     1
Armor: Ring mail         ||    44
       Leather armour    ||     2
Dodge: Dodged            ||    51

Table legend: (Time is in decaauts)
 A = Elapsed time spent in this place.
 B = Non-inter-level travel time spent in this place.
 C = Inter-level travel time spent in this place.
 D = Time resting spent in this place.
 E = Time spent auto-exploring this place.
 F = Levels seen in this place.
 G = Mean time per level.
                   A        B        C        D        E       F      G
               +--------+--------+--------+--------+--------+-----+--------+
         Total |   1072 |   1072 |      0 |      0 |    810 |   1 | 1072.0 |
       Dungeon |   1072 |   1072 |      0 |      0 |    810 |   1 | 1072.0 |
               +--------+--------+--------+--------+--------+-----+--------+

Top non-repeatable levels by time:
     D:1: 1072 daAuts
